 Dungeon Crawl Stone Soup version 0.30.0-17-ge0270778cf (webtiles) character file.

Game seed: 10644726259664698503

461 croobank the Insei (level 7, -1/52 HPs)
             Began as a Gnoll Transmuter on May 22, 2023.
             Was an Initiate of Qazlal.
             Slain by Pikel
             ... wielding a +1 whip of electrocution
              (19 damage)
             ... on level 4 of the Dungeon.
             The game lasted 00:11:10 (4502 turns).

croobank the Insei (Gnoll Transmuter)               Turns: 4502, Time: 00:11:11

Health: -1/52      AC:  5    Str:  9    XL:     7   Next: 7%
Magic:  16/16      EV: 13    Int: 15    God:    Qazlal [......]
Gold:   54         SH:  0    Dex: 12    Spells: 14/17 levels left

rFire   + . .        a - +2 dagger (venom)
rCold   . . .        (no shield)
rNeg    . . .        e - +0 robe
rPois   .            (helmet currently unavailable)
rElec   .            (no cloak)
rCorr   .            w - +0 pair of gloves
SInv    .            (boots currently unavailable)
Will    .....        (no amulet)
Stlth   ++           (no ring)
HPRegen 0.28/turn    (no ring)
MPRegen 0.15/turn

%: no passive effects
@: appendages (expiring), wereblooded (expiring)
A: horns 2, talons 2, fangs 1, strong nose, distributed training, iridescent
scales 1, fire resistance 1, high MP 1
a: End Transformation, Renounce Religion


You were on level 4 of the Dungeon.
You worshipped Qazlal.
Qazlal was noncommittal.
You had temporarily grown beastly horns and talons.
You visited 1 branch of the dungeon, and saw 5 of its levels.

You collected 177 gold pieces.
You spent 123 gold pieces at shops.

Inventory:

Hand Weapons
 a - a +2 dagger of venom (weapon)
 b - a +0 sling
 c - a +3 scythe
 j - a +0 war axe
 q - a +0 quarterstaff
 E - a +0 heavy flail
Missiles
 l - 3 poisoned darts
 m - 8 boomerangs
Armour
 e - a +0 robe (worn)
 w - a +0 pair of gloves (worn)
Magical Staves
 u - a staff of conjuration
Jewellery
 h - a +6 ring of intelligence
 B - the amulet of Webu {Acrobat Drain rElec rN+++ Int+3}
   (You found it on level 4 of the Dungeon)

   [amulet of the acrobat]

   It increases your evasion while moving and waiting.
   Int:       It affects your intelligence (+3).
   rElec:     It insulates you from electricity.
   rN:        It renders you almost immune to negative energy.
   Drain:     It drains your maximum health when unequipped.
Scrolls
 f - a scroll of immolation {unknown}
 g - 2 scrolls of identify
 i - 3 scrolls of teleportation {unknown}
 k - a scroll of fear {unknown}
 n - 2 scrolls of poison {unknown}
 o - a scroll of fog {unknown}
 r - a scroll of enchant armour {unknown}
 s - a scroll of enchant weapon
 t - a scroll of summoning {unknown}
 v - a scroll of noise {unknown}
 y - a scroll of magic mapping {unknown}
 C - a scroll of blinking {unknown}
Potions
 d - a potion of might
 p - a potion of heal wounds
 x - a potion of lignification
 z - a potion of brilliance {unknown}
 A - a potion of curing
 D - a potion of degeneration {unknown}


   Skills:
 + Level 3.5 Fighting
 + Level 2.3 Short Blades
 + Level 2.3 Long Blades
 + Level 2.3 Axes
 + Level 2.3 Maces & Flails
 + Level 2.3 Polearms
 + Level 2.3 Staves
 + Level 2.3 Ranged Weapons
 + Level 2.3 Throwing
 + Level 2.3 Armour
 + Level 5.1 Dodging
 + Level 2.3 Stealth
 + Level 2.3 Shields
 + Level 7.0 Unarmed Combat
 + Level 5.5 Spellcasting
 + Level 1.9 Conjurations
 + Level 1.9 Hexes
 + Level 1.9 Summonings
 + Level 1.9 Necromancy
 + Level 1.9 Translocations
 + Level 4.2 Transmutations
 + Level 1.9 Fire Magic
 + Level 1.9 Ice Magic
 + Level 1.9 Air Magic
 + Level 1.9 Earth Magic
 + Level 1.9 Poison Magic
 + Level 2.5 Invocations
 + Level 2.3 Evocations


You had 14 spell levels left.
You knew the following spells:

 Your Spells              Type           Power      Damage    Failure   Level
a - Beastly Appendage     Tmut           34%        N/A       2%          1
b - Wereblood             Tmut           17%        N/A       4%          2

Your spell library contained the following spells:

 Spells                   Type           Power      Damage    Failure   Level
 Magic Dart               Conj           36%        1d4       7%          1
 Call Imp                 Summ           18%        N/A       11%         2
 Spider Form              Tmut/Pois      13%        N/A       13%         3
 Inner Flame              Hex/Fire       9%         N/A       22%         3
 Mephitic Cloud           Conj/Pois/Air  9%         N/A       22%         3
 Ice Form                 Ice/Tmut       13%        N/A       41%         4
 Flame Wave               Conj/Fire      9%         2d6       56%         4
 Sticky Flame             Conj/Fire      9%         2d3       56%         4


Dungeon Overview and Level Annotations

Branches:
Dungeon (5/15)             Temple (0/1) D:4

Altars:
Gozag
Qazlal
Yredelemnul

Shops:
D:3 (   D:4 *

Annotations:
D:4 Pikel


Innate Abilities, Weirdness & Mutations

You have temporarily grown beastly horns and talons.
You have very sharp teeth.
Your uncanny sense of smell can sniff out nearby items.
Your experience applies equally to all skills.
You are partially covered in iridescent scales. (AC +2)
Your flesh is heat resistant. (rF+)
You have an increased reservoir of magic. (+10% MP)


Message History

You hit the lemure but do no damage.
The lemure looks as sick as possible!
Your bite misses the lemure.
The lemure is almost dead.
The lemure misses you.
You hit the lemure but do no damage. Your kick misses the lemure.
You headbutt the lemure.
You kill the lemure!
That felt strangely unrewarding.
You climb downwards.
Level annotation: Pikel The gnoll bouda barks out a call to the hunt!
Pikel says, "Don't tell anyone, but I think Ereshkigal likes me."
Pikel hits you but does no damage.
You are electrocuted!
A gnoll comes into view. It is wielding a +0 flail.
Pikel completely misses you.
There is a stone staircase leading up, spattered with blood here.
Magic restored.
Pikel hits you but does no damage.
You climb upwards.
Your transformation is almost over.
There is a stone staircase leading down, spattered with blood here.
You hit Pikel but do no damage.
Pikel is poisoned.
You claw Pikel, but do no damage. You bite Pikel, but do no damage.
Pikel hits you with a +1 whip of electrocution!
You hit Pikel but do no damage.
Pikel looks as sick as possible!
Your kick misses Pikel. Your headbutt misses Pikel.
You bite Pikel, but do no damage.
Your primal bloodlust is almost over.
You hit Pikel but do no damage.
Pikel looks as sick as possible!
You claw Pikel, but do no damage. Your punch misses Pikel.
You bite Pikel, but do no damage.
Pikel is lightly wounded.
Pikel hits you with a +1 whip of electrocution.
You closely miss Pikel. Your headbutt misses Pikel.
Pikel is lightly wounded.
Pikel misses you.
You hit Pikel.
Pikel looks as sick as possible!
Pikel is moderately wounded.
Pikel hits you with a +1 whip of electrocution.
You are electrocuted!!
You die...

#.###.#....##.#...# #.#.......
#.# #.............######.#.......
#.# ###..........................
..# ##..........####...........
### ###.#..#.##..####..##......#
######.............##...##......#
..)...................#.##.....##
##########..#.##.K.............##
................@................
#.#########....).....##.####.####
....†...# #.......).....# #.# #
#.#####.# #..........##.# #.# #
#..# #.# #...##.#.#.##.####.# #
#..# #.# #...##.....#.......####
#..# ##.###......................
#..# #.............#.#.#######...
...###..####..#....#.#.# #...


You could see Pikel (extremely poisoned).

Vanquished Creatures
  Sigmund (D:4)
  A lemure (D:4)
  A hound (D:4)
  An orc priest (D:4)
  2 sleepcaps
  An iguana (D:4)
  A hound zombie (D:4)
  Robin (D:4)
  A gnoll (D:4)
  4 adders
  An adder zombie (D:4)
  2 dart slugs (D:1)
  3 orcs (D:4)
  4 bats
  4 endoplasms
  3 giant cockroaches
  13 goblins
  8 hobgoblins
  3 jackals (D:1)
  13 ball pythons
  3 frilled lizards
  4 kobolds
  2 rats (D:1)
77 creatures vanquished.

Notes
Turn   | Place    | Note
-------+----------+-------------------------------------------
     0 | D:1      | croobank the Gnoll Transmuter began the quest for the Orb.
     0 | D:1      | Reached XP level 1. HP: 17/17 MP: 6/6
   106 | D:1      | Reached XP level 2. HP: 23/23 MP: 5/7
   154 | D:1      | Learned a level 2 spell: Wereblood
   449 | D:1      | Reached skill level 5 in Spellcasting
   449 | D:1      | Reached XP level 3. HP: 28/28 MP: 4/9
   969 | D:2      | Reached skill level 1 in Invocations
  1395 | D:2      | Reached skill level 1 in Short Blades
  1395 | D:2      | Reached skill level 1 in Long Blades
  1395 | D:2      | Reached skill level 1 in Axes
  1395 | D:2      | Reached skill level 1 in Maces & Flails
  1395 | D:2      | Reached skill level 1 in Polearms
  1395 | D:2      | Reached skill level 1 in Staves
  1395 | D:2      | Reached skill level 1 in Ranged Weapons
  1395 | D:2      | Reached skill level 1 in Throwing
  1395 | D:2      | Reached skill level 1 in Armour
  1395 | D:2      | Reached skill level 1 in Stealth
  1395 | D:2      | Reached skill level 1 in Shields
  1395 | D:2      | Reached skill level 1 in Evocations
  1521 | D:2      | Found a stormy altar of Qazlal.
  1534 | D:2      | Became a worshipper of Qazlal Stormbringer
  1576 | D:3      | Found an opulent altar of Gozag.
  1757 | D:3      | Found Sujifimaof's Weapon Emporium.
  1951 | D:3      | Reached XP level 4. HP: 34/34 MP: 6/11
  2865 | D:4      | Reached skill level 1 in Conjurations
  2865 | D:4      | Reached skill level 1 in Hexes
  2865 | D:4      | Reached skill level 1 in Summonings
  2865 | D:4      | Reached skill level 1 in Necromancy
  2865 | D:4      | Reached skill level 1 in Translocations
  2865 | D:4      | Reached skill level 1 in Fire Magic
  2865 | D:4      | Reached skill level 1 in Ice Magic
  2865 | D:4      | Reached skill level 1 in Air Magic
  2865 | D:4      | Reached skill level 1 in Earth Magic
  2865 | D:4      | Reached skill level 1 in Poison Magic
  2875 | D:4      | Found a basalt altar of Yredelemnul.
  2950 | D:4      | Noticed Sigmund
  2957 | D:4      | Gained mutation: You have an increased reservoir of magic.
                  | (+10% MP) [potion of mutation]
  2957 | D:4      | Gained mutation: You are partially covered in iridescent
                  | scales. (AC +2) [potion of mutation]
  2957 | D:4      | Gained mutation: Your flesh is heat resistant. (rF+)
                  | [potion of mutation]
  2973 | D:4      | Killed Sigmund
  2974 | D:4      | Reached skill level 5 in Dodging
  2974 | D:4      | Reached XP level 5. HP: 11/41 MP: 14/14
  2974 | D:4      | Reached XP level 6. HP: 13/47 MP: 15/15
  3642 | D:4      | Found Jontayp's General Store.
  3690 | D:4      | Bought a scroll of identify for 26 gold pieces
  3690 | D:4      | Bought a scroll of enchant weapon for 97 gold pieces
  3717 | D:4      | Noticed Robin
  3727 | D:4      | Killed Robin
  3909 | D:4      | Found a staircase to the Ecumenical Temple.
  4090 | D:4      | Identified the amulet of Webu {Acrobat Drain rElec rN+++
                  | Int+3}
  4193 | D:5      | Entered Level 5 of the Dungeon
  4210 | D:5      | Reached skill level 7 in Unarmed Combat
  4210 | D:5      | Reached XP level 7. HP: 38/52 MP: 13/16
  4221 | D:5      | Noticed Pikel
  4502 | D:4      | Slain by Pikel

Illustrated notes

Levels and vault maps discovered:
D:1:      ldierk_walled_garden, layout_rooms
D:2:      layout_basic, basic_altar, kennysheep_minor_cross, dk_noncrumbling_4
D:3:      layout_loops_corners, mainiacjoe_overflow_24_doors, serial_shops,
          nicolae_shop_pleasant_corner_grove, guppyfry_early_lair_pool
D:4:      layout_basic, lemuel_zombie_altar_yredelemnul, temple_hall,
          serial_shops, shop, st_stairs_3, uniq_robin, uniq_sigmund
D:5:      layout_gridville, nicolae_overflow_squiral, uniq_grinder, uniq_pikel,
          uniq_blork_the_orc, uniq_menkaure

Skill      XL: |  1  2  3  4  5  6 |
---------------+-------------------+-----
Spellcasting   | 5 |  5.5
Invocations    | 1 2 |  2.5
Short Blades   | 1 2 |  2.3
Long Blades    | 1 2 |  2.3
Axes           | 1 2 |  2.3
Maces & Flails | 1 2 |  2.3
Polearms       | 1 2 |  2.3
Staves         | 1 2 |  2.3
Ranged Weapons | 1 2 |  2.3
Throwing       | 1 2 |  2.3
Armour         | 1 2 |  2.3
Stealth        | 1 2 |  2.3
Shields        | 1 2 |  2.3
Evocations     | 1 2 |  2.3
Conjurations   | 1 |  1.9
Hexes          | 1 |  1.9
Summonings     | 1 |  1.9
Necromancy     | 1 |  1.9
Translocations | 1 |  1.9
Fire Magic     | 1 |  1.9
Ice Magic      | 1 |  1.9
Air Magic      | 1 |  1.9
Earth Magic    | 1 |  1.9
Poison Magic   | 1 |  1.9
Fighting       | 3 |  3.5
Dodging        | 5 |  5.1
Transmutations | 4 |  4.2
Unarmed Combat | 7 |  7.0

Action                     |  1- 3 |  4- 6 |  7- 9 || total
---------------------------+-------+-------+-------++-------
  Melee: Unarmed           |    11 |       |       ||    11
         Kick              |    15 |    30 |     6 ||    51
         Dagger            |    74 |    92 |    20 ||   186
         Headbutt          |    12 |    15 |     5 ||    32
         Punch             |     3 |     2 |       ||     5
         Bite              |     3 |     6 |     4 ||    13
   Fire: Sling             |       |     3 |       ||     3
   Cast: Beastly Appendage |    25 |    17 |     2 ||    44
         Wereblood         |    21 |    16 |     2 ||    39
    Use: Potion            |       |     9 |       ||     9
         Scroll            |       |     1 |       ||     1
 Armour: Robe              |    13 |    17 |     4 ||    34
  Dodge: Dodged            |    80 |    65 |    18 ||   163
